 Dungeon Crawl Stone Soup version 0.24-a0-132-ge4b1dce (webtiles) character file.

Game seed: 3119018930323584206

247 galech the Chopper (level 5, 41/41 HPs)
             Began as a Demonspawn Fighter on Feb 27, 2019.
             Quit the game on level 2 of the Dungeon.
             The game lasted 00:01:50 (1286 turns).

galech the Chopper (Demonspawn Fighter)             Turns: 1286, Time: 00:01:51

Health: 41/41      AC: 10    Str: 21    XL:     5   Next: 85%
Magic:  5/5        EV:  8    Int: 10    God:
Gold:   128        SH:  9    Dex: 13    Spells: 4/4 levels left

rFire    . . .     SeeInvis .   a - +0 war axe
rCold    . . .     Gourm    .   c - +0 shield
rNeg     . . .     Faith    .   b - +0 scale mail
rPois    .         Spirit   .   n - +0 helmet
rElec    .         Reflect  .   (no cloak)
rCorr    .         Harm     .   (no gloves)
MR       .....                  (no boots)
Stlth    ..........             (no amulet)
HPRegen  0.13/turn              h - ring of attention (curse)
MPRegen  0.09/turn              (no ring)

@: mighty
A: hooves 1, thin metallic scales 1, demonic guardian 1
a: no special abilities


You were on level 2 of the Dungeon.
You were not hungry.

You visited 1 branch of the dungeon, and saw 2 of its levels.

You collected 128 gold pieces.

Inventory:

Hand Weapons
 a - a +0 war axe (weapon)
Armour
 b - a +0 scale mail (worn)
 c - a +0 shield (worn)
 n - a +0 helmet (worn)
Jewellery
 h - a cursed ring of attention (left hand)
 p - an uncursed amulet of guardian spirit {unknown}
Scrolls
 e - 3 scrolls of teleportation {unknown}
 j - a scroll of remove curse {unknown}
 k - a scroll of fear {unknown}
 l - a scroll of enchant weapon {unknown}
 o - a scroll of identify {unknown}
Potions
 i - a potion of haste {unknown}
 m - a potion of brilliance {unknown}
 q - 2 potions of curing {unknown}
Comestibles
 f - 6 rations
 g - 6 chunks of flesh


   Skills:
 + Level 3.5 Fighting
 + Level 3.7 Axes
 + Level 3.4 Armour
 + Level 1.2 Dodging
 + Level 3.7 Shields


You had 4 spell levels left.
You didn't know any spells.
Your spell library contained the following spells:

 Spells                   Type           Power        Failure   Level  Hunger
 Animate Skeleton         Necr           N/A          99%         1    ##.....
 Apportation              Tloc           #.....       99%         1    ##.....
 Confusing Touch          Hex            #.....       99%         1    ##.....
 Summon Small Mammal      Summ           #...         99%         1    ##.....


Dungeon Overview and Level Annotations

Branches:
Dungeon (2/15)

Altars:


Innate Abilities, Weirdness & Mutations

You have large cloven feet.
You are partially covered in thin metallic scales. (AC +2)
A weak demonic guardian rushes to your aid.


Message History

You feel very mighty all of a sudden. Something hits you but does no damage.
You slash something!
You hear some strange, mumbled words.
A magic dart appears from out of thin air!
The magic dart hits you but does no damage.
You closely miss something. You kick something! You block something's attack.
You barely miss something. Something hits you but does no damage.
You slash something!
Reactivating autopickup.
Your Axes skill increases to level 3!
Your Dodging skill increases to level 1!
You have reached level 5!
Your demonic ancestry asserts itself...
You feel the presence of a demonic guardian.
You feel a bit more experienced.
Things that are here:
a +0 scythe; a +0 robe There isn't anything to butcher here.
Are you sure you want to abandon this character and quit the game? (Confirm with "yes".)

.# #. .. #.# #.#
#.#########.# .#
#......@....# .#
##########..# .#
#..........###>##
#.#######..##...##
##........#..#
#............#
##..####.#.#.#
#....# #.....#
♣....♣ #.#.#.#


There were no monsters in sight!

Vanquished Creatures
  Sigmund (D:2)
  Robin (D:2)
  An adder (D:2)
  A worm (D:2)
  2 dart slugs (D:1)
  A leopard gecko (D:1)
  A ball python (D:1)
  3 giant cockroaches
  14 goblins
  6 hobgoblins
  4 jackals (D:1)
  11 kobolds
  A quokka (D:2)
  4 bats
  12 frilled lizards
  A rat (D:2)
64 creatures vanquished.

Notes
Turn   | Place    | Note
-------+----------+-------------------------------------------
     0 | D:1      | galech the Demonspawn Fighter began the quest for the Orb.
     0 | D:1      | Reached XP level 1. HP: 18/18 MP: 1/1
   129 | D:1      | Gained mutation: You are partially covered in thin metallic
                  | scales. (AC +2) [demonic ancestry]
   129 | D:1      | Reached XP level 2. HP: 24/24 MP: 2/2
   481 | D:1      | Reached XP level 3. HP: 29/29 MP: 3/3
  1019 | D:2      | Noticed Robin
  1028 | D:2      | Killed Robin
  1028 | D:2      | Gained mutation: You have large cloven feet. [demonic
                  | ancestry]
  1028 | D:2      | Reached XP level 4. HP: 25/35 MP: 4/4
  1113 | D:2      | Found a faded altar of an unknown god.
  1277 | D:2      | Noticed Sigmund
  1284 | D:2      | Killed Sigmund
  1284 | D:2      | Reached skill level 1 in Dodging
  1284 | D:2      | Gained mutation: A weak demonic guardian rushes to your
                  | aid. [demonic ancestry]
  1284 | D:2      | Reached XP level 5. HP: 41/41 MP: 5/5
  1286 | D:2      | Quit the game

Levels and vault maps discovered:
D:1:      lightli_arrival_windingriver, layout_basic, roderic_lattice_a,
          minmay_lizard_king
D:2:      layout_loops_ring, chequers_ecumenical_altar_simple_redux,
          st_stairs_13, uniq_terence, uniq_crazy_yiuf_cottage, uniq_sigmund,
          uniq_robin

Skill      XL: |  1  2  3  4 |
---------------+-------------+-----
Armour         | 3 |  3.4
Shields        | 3 |  3.7
Axes           | 2 3 |  3.7
Dodging        | 1 |  1.2
Fighting       | |  3.5

Action                   |  1- 3 |  4- 6 || total
-------------------------+-------+-------++-------
Melee: War axe           |   144 |    30 ||   174
       Kick              |       |     8 ||     8
  Use: Potion            |       |     1 ||     1
  Eat: Chunk             |     1 |     1 ||     2
Armor: Scale mail        |    64 |    21 ||    85
Dodge: Dodged            |    42 |     6 ||    48
Block: Shield            |    94 |    21 ||   115

Table legend:
 A = Non-vault XP
 B = Vault XP
 C = Vault XP percentage of total XP
 D = Non-vault monster count
 E = Vault monster count
 F = Vault count percentage of total count
                 A         B        C        D         E       F
            +---------+---------+-------+---------+---------+-------
      Total |      84 |     270 |  76.3 |      39 |      25 |  39.1
            +---------+---------+-------+---------+---------+-------
        D:1 |      47 |      12 |  20.3 |      25 |      10 |  28.6
        D:2 |      37 |     258 |  87.5 |      14 |      15 |  51.7
            +---------+---------+-------+---------+---------+-------
